 Dungeon Crawl Stone Soup version 0.21.1-1-g345015f (webtiles) character file.

1362 Fang the Chopper (level 8, -14/50 HPs)
             Began as a Gargoyle Berserker on May 7, 2018.
             Was an Elder of Trog.
             Demolished by an ogre
             ... wielding a +0 giant spiked club
              (21 damage)
             ... on level 7 of the Dungeon.
             The game lasted 00:05:36 (5193 turns).

Fang the Chopper (Gargoyle Berserker)               Turns: 5193, Time: 00:05:37

Health: -14/50     AC:  7    Str: 23    XL:     8   Next: 64%
Magic:  8/8        EV: 13    Int:  8    God:    Trog [****..]
Gold:   333        SH:  0    Dex:  9    Spells: 7/7 levels left

rFire    . . .     SeeInvis .   k - +2 hand axe (freeze)
rCold    . . .     Gourm    .   (no shield)
rNeg     + . .     Faith    .   b - +0 animal skin
rPois    ∞         Spirit   .   (no helmet)
rElec    +         Reflect  .   (no cloak)
rCorr    .         Harm     .   (no gloves)
MR       .....                  (no boots)
Stlth    ++........             (no amulet)
HPRegen  0.16/turn              (no ring)
MPRegen  0.11/turn              (no ring)

@: berserk cooldown, slowed, very slow
A: negative energy resistance 1, electricity resistance, unbreathing,
petrification resistance, rot immunity, AC +5
a: Berserk, Trog's Hand, Brothers in Arms, Burn Spellbooks, Renounce Religion


You were on level 7 of the Dungeon.
You worshipped Trog.
Trog was greatly pleased with you.
You were near starving.

You visited 1 branch of the dungeon, and saw 7 of its levels.

You collected 333 gold pieces.

Inventory:

Hand Weapons
 h - a +0 mace of protection
 k - a +2 hand axe of freezing (weapon)
Armour
 b - a +0 animal skin (worn)
Jewellery
 n - an uncursed ring of positive energy {unknown}
 p - an uncursed ring of ice {unknown}
Wands
 i - a wand of flame (38)
 j - a wand of scattershot (7)
 m - a wand of enslavement (9)
Scrolls
 a - 2 scrolls of remove curse
 f - 5 scrolls of identify
 g - 3 scrolls of teleportation
Potions
 d - 7 potions of curing
 e - 4 potions of lignification
 l - 3 potions of flight
 o - a potion of invisibility {unknown}
Comestibles
 c - 8 rations


   Skills:
 + Level 5.6 Fighting
 + Level 6.7(7.0) Axes
 + Level 2.9(5.5) Maces & Flails
 + Level 2.4 Armour
 + Level 4.0 Dodging
 + Level 3.4 Stealth


You had 7 spell levels left.
You didn't know any spells.

Dungeon Overview and Level Annotations

Branches:
Dungeon (7/15)             Temple (0/1) D:6

Altars:
Ashenzari
Elyvilon
Trog
Vehumet
Xom
Yredelemnul

Shops:
D:4 *

Annotations:
D:6 2 transporters


Innate Abilities, Weirdness & Mutations

You are resistant to torment.
Your stone body is resilient. (AC +5)
You are immune to poison.
You resist negative energy. (rN+)
You are resistant to electric shocks. (rElec)
You can survive without breathing.
You are immune to petrification.
You are immune to rotting.


Message History

Unknown command.
Things that are here:
a spear; a gnoll corpse Unknown command.
You feel a strong urge to attack something.
You see here a halberd.
Unknown command.
An orc comes into view. It is wielding a flail.
You are no longer berserk.
You are exhausted.
You feel yourself slow down.
The orc shouts!
The ogre hits you with a giant spiked club!!
* * * LOW HITPOINT WARNING * * *
You see here a hand axe.
You hit the ogre. You freeze the ogre.
The ogre is moderately wounded.
The bullfrog misses you.
The ogre hits you with a giant spiked club!!
You die...

#.#..#..#
.......###.
#...o..#.. ........
###.....#### ...
.:.o....... ....
#.O....#
...######)@....## .
#.......)F.....#. #>
##.......).......
...##............###
#...#.......#..##
#.......#.#..#
##...####.#..# ###<#
#.#.S# ### #.. ..


You could see an ogre, a bullfrog, an orc wizard, an adder (wandering) and an
orc.

Vanquished Creatures
  The ghost of Fang the Skirmisher, a novice GrBe of Trog (D:6)
  Edmund (D:6)
  The ghost of nabru the Skirmisher, an amateur GrBe of Trog (D:4)
  3 scorpions
  A howler monkey (D:5)
  A crimson imp (D:5)
  3 hounds
  An orc priest (D:5)
  A bullfrog skeleton (D:5)
  Ijyb (D:4)
  2 iguanas (D:4)
  4 worker ants
  A killer bee zombie (D:5)
  A hound zombie (D:5)
  A hound skeleton (D:6)
  A worker ant zombie (D:5)
  8 gnolls
  8 adders
  4 oozes
  4 worms
  5 dart slugs
  3 leopard geckos
  10 orcs
  5 giant cockroaches
  9 hobgoblins
  10 jackals
  A quokka (D:6)
  A ball python (D:2)
  3 bats
  5 frilled lizards
  5 goblins
  7 kobolds
  A leopard gecko skeleton (D:4)
  A quokka zombie (D:5)
  8 rats
122 creatures vanquished.

Vanquished Creatures (others)
  4 plants (D:5)
4 creatures vanquished.

Grand Total: 126 creatures vanquished

Notes
Turn   | Place    | Note
-------+----------+-------------------------------------------
     0 | D:1      | Fang the Gargoyle Berserker began the quest for the Orb.
     0 | D:1      | Reached XP level 1. HP: 14/14 MP: 1/1
    70 | D:1      | Reached XP level 2. HP: 19/19 MP: 2/2
    83 | D:1      | Reached skill level 3 in Axes
   211 | D:1      | Reached XP level 3. HP: 20/24 MP: 3/3
   436 | D:1      | Reached ** piety under Trog
   912 | D:2      | Reached XP level 4. HP: 26/29 MP: 4/4
  1311 | D:3      | Reached skill level 1 in Maces & Flails
  1463 | D:3      | Reached XP level 5. HP: 33/33 MP: 5/5
  1597 | D:3      | Reached skill level 4 in Axes
  1977 | D:4      | Noticed nabru's ghost (amateur GrBe)
  1988 | D:4      | Killed nabru's ghost
  1988 | D:4      | Reached *** piety under Trog
  1988 | D:4      | Reached skill level 1 in Stealth
  1988 | D:4      | Reached XP level 6. HP: 39/39 MP: 6/6
  2079 | D:4      | Found Zisenodd's Assorted Antiques.
  2266 | D:4      | Noticed Ijyb
  2284 | D:4      | Killed Ijyb
  2284 | D:4      | Reached XP level 7. HP: 32/44 MP: 7/7
  2569 | D:4      | Reached skill level 5 in Axes
  2951 | D:5      | Entered Level 5 of the Dungeon
  3009 | D:5      | HP: 2/66 [gnoll/spear (3)]
  3615 | D:5      | Found a radiant altar of Vehumet.
  3629 | D:5      | Reached **** piety under Trog
  3734 | D:5      | Found a shattered altar of Ashenzari.
  3738 | D:5      | Saw a vision of the Swamp and the Spider Nest.
  3738 | D:5      | Noticed a redback
  3738 | D:5      | Noticed a wolf spider
  3738 | D:5      | Noticed a wolf spider
  3738 | D:5      | Noticed a redback
  3738 | D:5      | Noticed a redback
  3738 | D:5      | Noticed a redback
  3738 | D:5      | Noticed an alligator
  3738 | D:5      | Noticed a hornet
  3741 | D:5      | Noticed a redback
  3775 | D:5      | Reached skill level 5 in Fighting
  3911 | D:5      | Reached XP level 8. HP: 41/49 MP: 8/8
  4186 | D:6      | Noticed Edmund
  4218 | D:6      | Killed Edmund
  4218 | D:6      | Reached skill level 6 in Axes
  4226 | D:6      | Noticed Fang's ghost (novice GrBe)
  4301 | D:6      | Killed Fang's ghost
  4356 | D:6      | Found a staircase to the Ecumenical Temple.
  4582 | D:6      | Found a transporter.
  4584 | D:6      | Noticed a white ugly thing
  4584 | D:6      | Found a transporter.
  4584 | D:6      | Noticed a kobold demonologist
  4720 | D:6      | Found a white marble altar of Elyvilon.
  4862 | D:6      | Found a shimmering altar of Xom.
  4865 | D:6      | Found a bloodstained altar of Trog.
  4953 | D:6      | Found a basalt altar of Yredelemnul.
  5193 | D:7      | Demolished by an ogre

Skill      XL: |  1  2  3  4  5  6  7  8 |
---------------+-------------------------+-----
Axes           | 3 4 5 6 |  6.7
Dodging        | 2 3 4 |  4.0
Maces & Flails | 1 2 |  2.9
Fighting       | 4 5 |  5.6
Stealth        | 1 2 3 |  3.4
Armour         | |  2.4

Action                   |  1- 3 |  4- 6 |  7- 9 || total
-------------------------+-------+-------+-------++-------
Melee: Hand axe          |    83 |   107 |   203 ||   393
       Mace              |    17 |    48 |       ||    65
Invok: Berserk           |     2 |     1 |     5 ||     8
  Use: Scroll            |       |     7 |       ||     7
 Stab: Sleeping          |       |     1 |     5 ||     6
  Eat: Chunk             |       |     7 |     6 ||    13
       Ration            |       |       |     2 ||     2
Armor: Animal skin       |    29 |    37 |    52 ||   118
Dodge: Dodged            |    94 |    89 |   150 ||   333
